 Dungeon Crawl Stone Soup version 0.31-a0-188-g5e087ee2ca (webtiles) character file.

Game seed: 11720675073240705374

11 qw the Shooter (level 2, 0/16 HPs)
             Began as a Deep Elf Hunter on June 23, 2023.
             Slain by a worm (3 damage)
             ... on level 1 of the Dungeon.
             The game lasted 00:00:11 (779 turns).

qw the Shooter (Deep Elf Hunter)                     Turns: 779, Time: 00:00:12

Health: 0/16       AC:  4    Str:  8    XL:     2   Next: 17%
Magic:  4/4        EV: 12    Int: 13    God:
Gold:   39         SH:  5    Dex: 18    Spells: 1/1 levels left

rFire   . . .        Y - +0 shortbow
rCold   . . .        (shield currently unavailable)
rNeg    . . .        c - +0 leather armour
rPois   .            (no helmet)
rElec   .            i - +0 cloak
rCorr   .            (no gloves)
SInv    .            (no boots)
Will    .....        f - amulet of reflection
Stlth   ++           (no ring)
HPRegen 0.22/turn    (no ring)
MPRegen 0.09/turn

%: reflection
@: no status effects
A: no striking features
a: no special abilities


You were on level 1 of the Dungeon.
You visited 1 branch of the dungeon, and saw 2 of its levels.

You collected 39 gold pieces.


   Skills:
 - Level 1.5 Fighting
 + Level 6.0 Ranged Weapons
 - Level 2.4 Dodging
 - Level 1.2 Stealth


You had one spell level left.
You didn't know any spells.
Your spell library was empty.

Inventory:

Hand Weapons
 Y - a +0 shortbow (weapon)
Armour
 c - a +0 leather armour (worn)
 i - a +0 cloak (worn)
Jewellery
 f - an amulet of reflection (around neck)
Potions
 d - a potion of attraction {unknown}
 h - a potion of degeneration {unknown}
 j - 2 potions of curing

Dungeon Overview and Level Annotations

Branches:
Dungeon (2/15)

Altars:


Message History

The worm is heavily wounded.
You shoot an arrow. The arrow hits the worm.
The worm is severely wounded.
You shoot an arrow.
The arrow hits the worm but does no damage.
The worm is severely wounded.
The dart slug launches a dart at you. The slug dart misses you.
The slug dart misses the worm.
You shoot an arrow.
The arrow hits the worm but does no damage.
The worm is severely wounded.
The dart slug launches a dart at you. The slug dart hits you.
762 ||| STAIRDANCE You climb upwards.
There is a stone staircase leading down here.
You start resting.
HP restored.
Done exploring.
(D) Dungeon
Where to? (* - list waypoints, Enter - D:2, ? - help)
What level of the Dungeon? (default 1, ? - help)
You climb downwards.
The worm bites you.
There is a stone staircase leading up, spattered with blood here.
774 ||| STAIRDANCE You climb upwards.
There is a stone staircase leading down here.
You shoot an arrow. The arrow hits the worm.
The worm is lightly wounded.
The worm bites you.
You shoot an arrow. The arrow hits the worm.
The worm is moderately wounded.
The worm bites you!
Ouch! That really hurt!
You shoot an arrow. The arrow hits the worm.
The worm is moderately wounded.
You shoot an arrow. The arrow hits the worm.
The worm is heavily wounded.
The worm bites you.
You die...

### ###.# #...# ###### #.#.#
#..... #.#.# #.####
#############.#.# #.# #
###...........#.#.##########.# #
.......?........@w#..........####
###...........#..##.###########..
##########.##..##.......#...#.#
#)##..##########.#.#..
#######.##..##.#.....#.#.###
#........#.....#.#.#.#.#....
######.###.......##.#.#.#.#.#####
.#..................#)..#.#...#
.#.###.###........###..##.###.#


You could see a worm.

Vanquished Creatures
  2 ball pythons (D:1)
  A bat (D:1)
  A giant cockroach (D:1)
  A hobgoblin (D:1)
  4 kobolds (D:1)
  A quokka (D:1)
  A rat (D:1)
11 creatures vanquished.

Notes
Turn   | Place    | Note
-------+----------+-------------------------------------------
     0 | D:1      | qw the Deep Elf Hunter began the quest for the Orb.
     0 | D:1      | Reached XP level 1. HP: 12/12 MP: 3/3
     0 | D:1      | 0 ||| qw: Version: 0.3-a-9-g12657ce
     0 | D:1      | 0 ||| qw: Game counter: 3366
     0 | D:1      | 0 ||| qw: Always use a shield: true
     0 | D:1      | 0 ||| qw: God list: Okawaru
     0 | D:1      | 0 ||| qw: Allow faded altars: false
     0 | D:1      | 0 ||| qw: Do Orc after D:15 true
     0 | D:1      | 0 ||| qw: Do second Lair branch before Depths: true
     0 | D:1      | 0 ||| qw: Lair rune preference: random
     0 | D:1      | 0 ||| qw: Plans: Normal
     0 | D:1      | 0 ||| PLANNING D:1-11
   283 | D:1      | Found a faded altar of an unknown god.
   506 | D:1      | Reached skill level 6 in Ranged Weapons
   506 | D:1      | Reached XP level 2. HP: 16/16 MP: 4/4
   732 | D:1      | 732 ||| UPGRADING to +0 cloak.
   737 | D:1      | 737 ||| UPGRADING to amulet of reflection.
   742 | D:1      | 742 ||| DROPPING amulet of guardian spirit.
   743 | D:1      | 743 ||| READING scroll labelled GIAL MOIFIRURCH.
   744 | D:1      | 744 ||| DRINKING 3 brown potions.
   745 | D:1      | 745 ||| DROPPING scroll of butterflies.
   762 | D:2      | 762 ||| STAIRDANCE
   774 | D:2      | 774 ||| STAIRDANCE
   777 | D:1      | HP: 2/16 [worm (8)]
   779 | D:1      | Slain by a worm

Levels and vault maps discovered:
D:1:      evilmike_arrival_fibonacci_small, layout_basic,
          ebering_ecumenical_altar_abandoned
D:2:      layout_loops_ring, uniq_jessica

Skill      XL: |  1 |
---------------+----+-----
Ranged Weapons | 6 |  6.0
Fighting       | |  1.5
Dodging        | |  2.4
Stealth        | |  1.2

Action                     || total
---------------------------++-------
   Fire: Shortbow          ||    28
    Use: Scroll            ||     1
         Potion            ||     1
  Dodge: Dodged            ||     1

Table legend:
 A = Non-vault XP
 B = Vault XP
 C = Vault XP percentage of total XP
 D = Non-vault monster count
 E = Vault monster count
 F = Vault count percentage of total count
                 A         B        C        D         E       F
            +---------+---------+-------+---------+---------+-------
      Total |      17 |       0 |   0.0 |      11 |       0 |   0.0
            +---------+---------+-------+---------+---------+-------
        D:1 |      17 |       0 |   0.0 |      11 |       0 |   0.0
            +---------+---------+-------+---------+---------+-------
